 Dungeon Crawl Stone Soup version 0.21-a0-630-g344d351 (webtiles) character file.

336 slep the Slasher (level 6, -1/47 HPs)
             Began as a Merfolk Gladiator on Dec 26, 2017.
             Slain by an orc (4 damage)
             ... on level 3 of the Dungeon.
             The game lasted 00:06:52 (1635 turns).

slep the Slasher (Merfolk Gladiator)                Turns: 1635, Time: 00:06:53

Health: -1/47      AC:  5    Str: 15    XL:     6   Next: 54%
Magic:  6/6        EV: 15    Int:  7    God:
Gold:   160        SH:  0    Dex: 17    Spells: 5/5 levels left

rFire    . . .     SeeInvis .   a - +0 long sword
rCold    . . .     Gourm    .   (no shield)
rNeg     . . .     Faith    .   b - +0 leather armour
rPois    .         Spirit   .   l - +1 helmet
rElec    .         Reflect  .   (no cloak)
rCorr    .         Harm     .   (no gloves)
MR       .....                  (no boots)
Stlth    +.........             u - amulet of inaccuracy (curse)
HPRegen  0.15/turn              (no ring)
MPRegen  0.10/turn              (no ring)

@: no status effects
A: change form in water, swift swim, stealthy swim
a: no special abilities


You were on level 3 of the Dungeon.
You were hungry.

You visited 1 branch of the dungeon, and saw 3 of its levels.

You collected 160 gold pieces.

Inventory:

Hand Weapons
 a - a +0 long sword (weapon)
 k - a +1 hunting sling of freezing
Missiles
 d - 3 throwing nets (quivered)
 n - 18 sling bullets
Armour
 b - a +0 leather armour (worn)
 c - a +0 helmet
 l - a +1 helmet (worn)
Jewellery
 u - a cursed amulet of inaccuracy (around neck)
Wands
 i - a wand of random effects (22)
Scrolls
 g - 5 scrolls of identify {unknown}
 h - 4 scrolls of remove curse {unknown}
 j - 2 scrolls of amnesia {unknown}
 m - a scroll of random uselessness {unknown}
 o - a scroll of enchant weapon {unknown}
 p - a scroll of teleportation {unknown}
 q - a scroll of noise {unknown}
 r - a scroll of enchant armour {unknown}
Potions
 e - a potion of haste
 s - a potion of berserk rage {unknown}
 t - 2 potions of brilliance {unknown}
Comestibles
 f - 6 rations


   Skills:
 + Level 3.3 Fighting
 + Level 6.3 Long Blades
 + Level 2.0 Throwing
 + Level 1.4 Armour
 + Level 5.0 Dodging
 + Level 0.1 Stealth


You had 5 spell levels left.
You didn't know any spells.

Dungeon Overview and Level Annotations

Branches:
Dungeon (3/15)

Altars:
Cheibriados
Elyvilon
Kikubaaqudgha
Qazlal
Xom
Yredelemnul


Message History

The orc is severely wounded.
The orc closely misses you.
You miss the orc.
The orc is severely wounded.
The orc barely misses you.
You riposte.
You slash the orc!
You kill the orc!
A frilled lizard comes into view.
The frilled lizard moves out of view.
The orc wizard hits you with a dagger.
* * * LOW HITPOINT WARNING * * *
The orc closely misses you.
You see here an orc corpse.
You hit the orc.
The orc is severely wounded.
The orc wizard hits you but does no damage.
The orc barely misses you.
The orc wizard hits you but does no damage.
You closely miss the orc.
The orc is severely wounded.
The orc hits you.
You die...

#.. #.# #... ..#
#.# #..# ..# ###.#
#..# ..###
######...# #..#
..#.## .......#.#
#..###.....##
########)#
#..##........
#)####..##oo......
#!..(....@ool#
######..####.#
#..# # #..# #...
#.### #.# #.#


You could see an orc priest, an orc wizard, 2 orcs and a frilled lizard.

Vanquished Creatures
  Sigmund (D:3)
  Natasha (twice) (D:2 D:3)
  Robin (D:2)
  4 adders (D:2)
  An ooze (D:1)
  A worm (D:2)
  A dart slug (D:1)
  A leopard gecko (D:3)
  5 orcs (D:3)
  3 giant cockroaches
  12 goblins
  7 hobgoblins
  A jackal (D:3)
  9 kobolds
  A quokka (D:3)
  A ball python (D:1)
  11 bats
  5 frilled lizards
  4 rats (D:2)
71 creatures vanquished.

Notes
Turn   | Place    | Note
-------+----------+-------------------------------------------
     0 | D:1      | slep the Merfolk Gladiator began the quest for the Orb.
     0 | D:1      | Reached XP level 1. HP: 16/16 MP: 1/1
   136 | D:1      | Reached XP level 2. HP: 22/22 MP: 2/2
   322 | D:1      | Reached skill level 4 in Long Blades
   465 | D:1      | Reached XP level 3. HP: 27/28 MP: 3/3
   631 | D:2      | Noticed Robin
   657 | D:2      | Killed Robin
   765 | D:2      | Reached XP level 4. HP: 27/34 MP: 4/4
  1024 | D:2      | Found an ancient bone altar of Kikubaaqudgha.
  1066 | D:2      | Reached skill level 5 in Long Blades
  1141 | D:2      | Noticed Natasha
  1147 | D:2      | Killed Natasha
  1147 | D:2      | Reached XP level 5. HP: 37/40 MP: 5/5
  1151 | D:2      | Found a basalt altar of Yredelemnul.
  1155 | D:2      | Found a stormy altar of Qazlal.
  1155 | D:2      | Found a snail-covered altar of Cheibriados.
  1167 | D:2      | Found a shimmering altar of Xom.
  1170 | D:2      | Found a white marble altar of Elyvilon.
  1411 | D:2      | Noticed Natasha
  1427 | D:3      | Killed Natasha
  1477 | D:3      | Reached skill level 1 in Armour
  1582 | D:3      | Noticed Sigmund
  1596 | D:3      | Killed Sigmund
  1596 | D:3      | Reached skill level 6 in Long Blades
  1596 | D:3      | Reached skill level 5 in Dodging
  1596 | D:3      | Reached XP level 6. HP: 24/47 MP: 6/6
  1633 | D:3      | HP: 2/47 [orc wizard/dagger (4)]
  1635 | D:3      | Slain by an orc

Vault maps used:
D:1:      giann_bridges
D:2:      minmay_overflow_temple_star_hex, nicolae_overflow_crystal_walls,
          moated_statue, uniq_natasha, uniq_robin
D:3:      amethyst_overflow_temple_binary, first_ration,
          mrwooster_statue_mirror, uniq_sigmund

Skill      XL: |  1  2  3  4  5 |
---------------+----------------+-----
Long Blades    | 4 5 6 |  6.3
Fighting       | 3 |  3.3
Armour         | 1 |  1.4
Dodging        | 5 |  5.0
Throwing       | |  2.0
Stealth        | |  0.1

Action                   |  1- 3 |  4- 6 || total
-------------------------+-------+-------++-------
Melee: Long sword        |    75 |   124 ||   199
  Use: Potion            |       |     1 ||     1
  Eat: Chunk             |       |     2 ||     2
Armor: Leather armour    |    16 |    32 ||    48
Dodge: Dodged            |    81 |    91 ||   172
       Rpst.: Long sword |    31 |    34 ||    65

Table legend:
 A = Spawn XP
 B = Non-spawn XP
 C = Spawn XP percentage of total XP
 D = Spawn monster count
 E = Non-spawn monster count
 F = Spawn count percentage of total count
 G = Total turns spent on level
                    A         B        C        D         E        F      G
               +---------+---------+-------+---------+---------+-------+---------
         Total |       0 |     480 |   0.0 |       0 |      71 |   0.0 |  1635
               +---------+---------+-------+---------+---------+-------+---------
           D:1 |       0 |      34 |   0.0 |       0 |      17 |   0.0 |   622
           D:2 |       0 |     160 |   0.0 |       0 |      40 |   0.0 |   796
           D:3 |       0 |     286 |   0.0 |       0 |      14 |   0.0 |   217
               +---------+---------+-------+---------+---------+-------+---------
